 Dungeon Crawl Stone Soup version 0.31.0-4-g52a2dc7128 (webtiles) character file.

Game seed: 4218857773416076577

1203 ssalbiz the Thaumaturge (level 8, -6/36 (41) HPs)
             Began as a Deep Elf Hedge Wizard on Jan 22, 2024.
             Mangled by a wight
             ... wielding a +3 battleaxe of freezing
              (9 damage)
             ... on level 6 of the Dungeon.
             The game lasted 00:23:53 (7265 turns).

ssalbiz the Thaumaturge (Deep Elf Hedge Wizard)     Turns: 7265, Time: 00:23:54

HP:   -6/36 (41)    AC:  3    Str:  7    XL:     8   Next: 21%
MP:   18/22         EV: 13    Int: 22    God:
Gold: 274           SH:  0    Dex: 17    Spells: 15/24 levels left

rFire   + + .        o - +1 trident of Cowardice {venom, *Corrode rF+ Dex+3 Stlth+}
rCold   + . .        (no shield)
rNeg    . . .        r - +2 robe {rC+ rF+}
rPois   .            g - +1 helmet
rElec   .            u - +0 cloak
rCorr   +            (no gloves)
SInv    .            (no boots)
Will    .....        (no amulet)
Stlth   +++          h - ring of resist corrosion
HPRegen 0.26/turn    j - ring of flight
MPRegen 0.18/turn

%: corrode self (3%)
@: corroded, flying, heavily drained
A: no striking features
a: no special abilities


You were on level 6 of the Dungeon.
You visited 1 branch of the dungeon, and saw 6 of its levels.

You collected 274 gold pieces.

Inventory:

Hand Weapons
 i - a +0 dagger of venom
 o - the +1 trident of Cowardice (weapon) {venom, *Corrode rF+ Dex+3 Stlth+}
   (You found it on level 2 of the Dungeon)

   Dex+3:     It affects your dexterity (+3).
   rF+:       It protects you from fire.
   *Corrode:  It may corrode you when you take damage.
   Stlth+:    It makes you more stealthy.
Missiles
 n - 5 javelins
Armour
 g - a +1 helmet (worn)
 r - a +2 robe of resistance (worn)
 u - a +0 cloak (worn)
Jewellery
 h - a ring of resist corrosion (left hand)
 j - a ring of flight (right hand)
 E - a ring of protection from fire
Wands
 s - a wand of flame (15)
Scrolls
 e - a scroll of enchant armour {unknown}
 f - 2 scrolls of amnesia {unknown}
 k - 6 scrolls of identify {unknown}
 l - a scroll of vulnerability {unknown}
 q - 2 scrolls of fog {unknown}
 t - a scroll of teleportation {unknown}
 y - 2 scrolls of enchant weapon {unknown}
 z - a scroll of brand weapon {unknown}
 B - a scroll of revelation {unknown}
 C - a scroll of noise {unknown}
Potions
 a - a potion of curing
 b - a potion of haste {unknown}
 c - a potion of ambrosia {unknown}
 d - 2 potions of magic
 m - a potion of enlightenment {unknown}
 p - 2 potions of brilliance {unknown}
 w - a potion of degeneration {unknown}
 x - a potion of berserk rage {unknown}
 D - a potion of heal wounds {unknown}


   Skills:
 - Level 2.4 Dodging
 - Level 2.4 Stealth
 + Level 8.7 Spellcasting
 + Level 7.6 Conjurations
 - Level 1.1 Summonings
 - Level 1.1 Translocations
 + Level 2.4 Ice Magic
 - Level 2.0 Air Magic
 - Level 2.0 Alchemy


You had 15 spell levels left.
You knew the following spells:

 Your Spells              Type           Power      Damage    Failure   Level
a - Magic Dart            Conj           100%       1d8       1%          1
b - Mephitic Cloud        Conj/Alch/Air  26%        N/A       4%          3
c - Freezing Cloud        Conj/Ice/Air   13%        6-21      36%         5

Your spell library contained the following spells:

 Spells                   Type           Power      Damage    Failure   Level
 Shock                    Conj/Air       100%       1d9       1%          1
 Sting                    Conj/Alch      100%       1d9       1%          1
 Mercury Vapours          Alch/Air       36%        N/A       4%          2
 Cigotuvi's Dreadful Rot  Necr/Alch/Air  30%        N/A       6%          2
 Slow                     Hex            36%        N/A       7%          1
 Blink                    Tloc           28%        N/A       7%          2
 Call Imp                 Summ           28%        N/A       7%          2
 Swiftness                Air            18%        N/A       9%          3
 Confusing Touch          Hex            9%         N/A       21%         3
 Sigil of Binding         Hex            9%         N/A       21%         3
 Vampiric Draining        Necr           9%         2d6       21%         3
 Airstrike                Air            9%         2d(2-18)  30%         4
 Olgreb's Toxic Radiance  Alch           18%        N/A       30%         4
 Ignite Poison            Fire/Alch      13%        N/A       41%         4


Dungeon Overview and Level Annotations

Branches:
Dungeon (6/15)
 Temple: D:4-7

Altars:
Kikubaaqudgha
Sif Muna

Shops:
D:4 [

Annotations:
D:3 Sigmund
D:5 1 runed translucent door, Crazy Yiuf


Message History

The wight is heavily damaged.
The wight closely misses you.
Casting: Magic Dart (safe; 1% risk of failure)
Confirm with . or Enter, or press ? or * to list all spells.
Aiming: Magic Dart (safe; 1% risk of failure)
Press: ? - help, Shift-Dir - straight line, f/p - wight
Aim: a wight, wielding a +2 dagger of freezing and wearing a +0 robe (heavily damaged, 100% to hit)
The magic dart hits the wight.
The wight is severely damaged.
The wight hits you with a +2 dagger of freezing.
* * * LOW HITPOINT WARNING * * *
Casting: Magic Dart (safe; 1% risk of failure)
Confirm with . or Enter, or press ? or * to list all spells.
Aiming: Magic Dart (safe; 1% risk of failure)
Press: ? - help, Shift-Dir - straight line, f/p - wight
Aim: a wight, wielding a +2 dagger of freezing and wearing a +0 robe (severely damaged, 100% to hit)
The magic dart hits the wight but does no damage.
The wight is severely damaged.
The wight hits you with a +2 dagger of freezing.
* * * LOW HITPOINT WARNING * * *
Casting: Magic Dart (safe; 1% risk of failure)
Confirm with . or Enter, or press ? or * to list all spells.
Aiming: Magic Dart (safe; 1% risk of failure)
Press: ? - help, Shift-Dir - straight line, f/p - wight
Aim: a wight, wielding a +2 dagger of freezing and wearing a +0 robe (severely damaged, 100% to hit)
The magic dart hits the wight but does no damage.
The wight is severely damaged.
The wight hits you with a +2 dagger of freezing!
* * * LOW HITPOINT WARNING * * *
You feel drained.
Casting: Magic Dart (safe; 1% risk of failure)
Confirm with . or Enter, or press ? or * to list all spells.
Aiming: Magic Dart (safe; 1% risk of failure)
Press: ? - help, Shift-Dir - straight line, f/p - wight
Aim: a wight, wielding a +2 dagger of freezing and wearing a +0 robe (severely damaged, 100% to hit)
The magic dart hits the wight but does no damage.
The wight is severely damaged.
The wight is no longer paralysed.
The wight hits you with a +3 battleaxe of freezing!
You die...

###### #.zz@# ##
#..z######## ..#
#.# #...#
....##.. . #.#
#...# ..... ...
#.# ##...#
#.[#).# #.#
#....# #<....## #
#.# #....#
##.....# .#
##.#####....#
#..[..#
..###...........#
..)...#


You could see 3 wights.

Vanquished Creatures
  A water moccasin (D:5)
  A black bear (D:5)
  An ice beast (D:5)
  An ogre (D:5)
  2 scorpions (D:5)
  A wight (D:5)
  2 bombardier beetles
  2 hounds
  3 orc priests
  A gnoll bouda (D:5)
  Jessica (D:3)
  An iguana (D:5)
  A sleepcap (D:3)
  Natasha (twice) (D:2)
  3 orc wizards
  Ijyb (D:4)
  5 gnolls (D:5)
  4 adders
  A ribbon worm (D:4)
  2 dart slugs
  17 orcs
  2 bats
  6 endoplasms
  3 giant cockroaches
  5 hobgoblins
  5 jackals
  4 kobolds
  4 quokkas
  6 ball pythons
  3 frilled lizards
  13 goblins
  7 rats
111 creatures vanquished.

Notes
Turn   | Place    | Note
-------+----------+-------------------------------------------
     0 | D:1      | ssalbiz the Deep Elf Hedge Wizard began the quest for the
                  | Orb.
     0 | D:1      | Reached XP level 1. HP: 10/10 MP: 7/7
   143 | D:1      | Reached XP level 2. HP: 15/15 MP: 2/9
   530 | D:1      | Reached skill level 5 in Spellcasting
   909 | D:1      | Reached XP level 3. HP: 19/19 MP: 7/11
   944 | D:1      | Learned a level 3 spell: Mephitic Cloud
  1381 | D:2      | Found a faded altar of an unknown god.
  1450 | D:2      | Identified the +1 trident of Cowardice {venom, *Corrode rF+
                  | Dex+3 Stlth+}
  1665 | D:2      | Noticed Natasha
  1703 | D:2      | Found an ancient bone altar of Kikubaaqudgha.
  1712 | D:2      | Killed Natasha
  1713 | D:2      | Reached XP level 4. HP: 24/24 MP: 6/13
  2014 | D:2      | Noticed Natasha
  2020 | D:2      | Killed Natasha
  2021 | D:2      | Reached skill level 6 in Spellcasting
  2834 | D:3      | Noticed Jessica
  2839 | D:3      | Killed Jessica
  2840 | D:3      | Reached XP level 5. HP: 19/28 MP: 12/15
  2910 | D:3      | Found a shimmering blue altar of Sif Muna.
  3299 | D:4      | Noticed Ijyb
  3299 | D:4      | Found Nukuiloa's Armour Shoppe.
  3319 | D:3      | Noticed Sigmund
  3528 | D:4      | Killed Ijyb
  3765 | D:3      | Reached skill level 7 in Spellcasting
  4149 | D:4      | Reached XP level 6. HP: 11/32 MP: 13/18
  4291 | D:4      | Reached skill level 5 in Conjurations
  4872 | D:5      | Entered Level 5 of the Dungeon
  5039 | D:5      | Found a runed translucent door.
  5040 | D:5      | Noticed Crazy Yiuf
  5267 | D:5      | Noticed a water moccasin
  5366 | D:5      | Reached skill level 1 in Air Magic
  5366 | D:5      | Reached skill level 1 in Alchemy
  5366 | D:5      | Reached XP level 7. HP: 36/36 MP: 12/19
  5844 | D:5      | Reached skill level 8 in Spellcasting
  5934 | D:5      | Learned a level 5 spell: Freezing Cloud
  6236 | D:5      | Reached skill level 1 in Ice Magic
  6404 | D:5      | Reached XP level 8. HP: 41/41 MP: 15/22
  6657 | D:5      | HP: 2/41 [poisoned by a scorpion]
  7265 | D:6      | Mangled by a wight

Illustrated notes

Levels and vault maps discovered:
D:1:      minmay_arrival_solitary_statue, layout_rooms,
          minmay_misc_feat_secret_circle, hex_intersection, serial_bayou_pond_c
D:2:      layout_basic, shapermc_ecumenical_altar_mp_urbaneastern, basic_altar,
          grunt_ministairs_13, uniq_natasha
D:3:      layout_basic, amcnicky_altar_gilded, uniq_sigmund, uniq_jessica
D:4:      layout_basic, serial_shops, nicolae_shop_getting_attention,
          reono_crystal_passage, minmay_diced_spiral, uniq_ijyb
D:5:      layout_basic, uniq_crazy_yiuf_cottage
D:6:      layout_layer_cave, nicolae_overflows_in_rows, ebering_ghost_sewer_f,
          nicolae_good_shop, uniq_jeremiah

Skill      XL: |  1  2  3  4  5  6  7  8 |
---------------+-------------------------+-----
Conjurations   | 2 3 4 6 7 |  7.6
Spellcasting   | 5 6 7 8 |  8.7
Air Magic      | 1 2 |  2.0
Alchemy        | 1 2 |  2.0
Ice Magic      | 1 2 |  2.4
Dodging        | |  2.4
Stealth        | |  2.4
Summonings     | |  1.1
Translocations | |  1.1

Action                     |  1- 3 |  4- 6 |  7- 9 || total
---------------------------+-------+-------+-------++-------
  Melee: Dagger            |     7 |       |       ||     7
         Trident           |       |     8 |    15 ||    23
         Punch             |       |       |     2 ||     2
  Throw: Throwing net      |       |       |     1 ||     1
   Cast: Magic Dart        |    86 |   143 |   125 ||   354
         Mephitic Cloud    |       |       |     5 ||     5
  Evoke: Wand              |       |     3 |     8 ||    11
    Use: Potion            |       |       |     1 ||     1
   Stab: Sleeping          |     5 |     2 |       ||     7
         Held in net/web   |       |       |     2 ||     2
         Paralysed         |       |       |     2 ||     2
 Armour: Robe              |    11 |    26 |    40 ||    77
  Dodge: Dodged            |    20 |    21 |    36 ||    77
